 Dungeon Crawl Stone Soup version 0.30.0-5-g1a98f26d00 (webtiles) character file.

Game seed: 15785502934935045872

6541 SnakkuSnakku7 the Transmogrifier (level 10, -17/81 HPs)
             Began as a Vampire Hedge Wizard on May 12, 2023.
             Was a Priest of Ru.
             Killed from afar by a ynoxinul (31 damage)
             ... with an iron shot
             ... summoned by a kobold demonologist
             ... on level 9 of the Dungeon.
             The game lasted 00:17:00 (8692 turns).

SnakkuSnakku7 the Transmogrifier (VpHW)             Turns: 8692, Time: 00:17:01

Health: -17/81     AC:  9    Str:  9    XL:     10   Next: 70%
Magic:  8/14       EV: 10    Int: 21    God:    Ru [***...]
Gold:   1171       SH:  0    Dex: 14    Spells: 3/15 levels left

rFire   x x .        k - melded +2 whip (venom)
rCold   + + .        L - melded +1 buckler {reflect}
rNeg    . . .        g - melded +1 leather armour {rC+}
rPois   +            l - melded +0 helmet
rElec   .            r - melded +0 cloak
rCorr   .            F - melded +0 pair of gloves of Infinity {rPois MP+9}
SInv    +            w - melded +0 pair of boots
Will    +....        (no amulet)
Stlth   ++           (no ring)
HPRegen 0.53/turn    (no ring)
MPRegen 0.14/turn

%: no passive effects
@: about to teleport, ice-form, healing quickly
A: freezing attack, amphibious, boosted hp, large, alive, (fangs 3), see
invisible, no potion heal 1, temperature sensitive, vampiric 2
a: Exsanguinate, End Transformation, Renounce Religion, Draw Out Power


You were on level 9 of the Dungeon.
You worshipped Ru.
Ru was most pleased with you.
You were a creature of crystalline ice.
You visited 2 branches of the dungeon, and saw 10 of its levels.
You also visited: Ossuary.

You collected 1738 gold pieces.
You spent 567 gold pieces at shops.

Inventory:

Hand Weapons
 a - a +0 dagger
 k - a +2 whip of venom (melded)
Missiles
 v - a throwing net
 C - 2 curare-tipped darts
Armour
 g - a +1 leather armour of cold resistance (melded)
 j - a +0 kite shield
 l - a +0 helmet (melded)
 r - a +0 cloak (melded)
 w - a +0 pair of boots (melded)
 F - the +0 pair of gloves of Infinity (melded) {rPois MP+9}
   (You found it on level 5 of the Dungeon)

   rPois:     It protects you from poison.
   MP:        It affects your magic capacity (+9).
 L - a +1 buckler of reflection (melded)
Wands
 e - a wand of paralysis (10)
 f - a wand of roots (8)
 D - a wand of mindburst (29)
 K - a wand of polymorph (7)
 M - a wand of flame (9)
Scrolls
 b - 2 scrolls of vulnerability {unknown}
 c - 2 scrolls of poison {unknown}
 i - a scroll of enchant weapon {unknown}
 m - 2 scrolls of summoning {unknown}
 p - a scroll of teleportation
 q - a scroll of torment {unknown}
 s - a scroll of immolation {unknown}
 t - a scroll of amnesia {unknown}
 u - 5 scrolls of fear {unknown}
 y - 2 scrolls of blinking {unknown}
 z - 2 scrolls of enchant armour {unknown}
 A - a scroll of magic mapping {unknown}
 I - a scroll of fog {unknown}
Potions
 d - a potion of magic
 h - 3 potions of mutation {unknown}
 n - 2 potions of degeneration {unknown}
 o - 2 potions of resistance
 x - 6 potions of curing
 B - a potion of haste
 E - 2 potions of ambrosia
 G - 5 potions of lignification
 H - 3 potions of might
 J - a potion of attraction


   Skills:
 - Level 2.5 Fighting
 - Level 2.1 Dodging
 - Level 3.0 Stealth
 - Level 9.5 Unarmed Combat
 - Level 3.0 Spellcasting
 - Level 0.6 Conjurations
 - Level 1.0 Summonings
 - Level 0.7 Translocations
 + Level 13.8 Transmutations
 - Level 4.0 Ice Magic


You had 3 spell levels left.
You knew the following spells:

 Your Spells              Type           Power      Damage    Failure   Level
a - Magic Dart            Conj           20%        1d4       11%         1
b - Ice Form              Ice/Tmut       40%        N/A       3%          4
c - Dragon Form           Tmut           28%        N/A       36%         7

Your spell library contained the following spells:

 Spells                   Type           Power      Damage    Failure   Level
 Slow                     Hex            12%        N/A       13%         1
 Call Imp                 Summ           14%        N/A       13%         2
 Blink                    Tloc           12%        N/A       16%         2
 Hailstorm                Conj/Ice       12%        3d5       16%         3
 Cigotuvi's Dreadful Rot  Necr/Pois/Air  6%         N/A       21%         2
 Mephitic Cloud           Conj/Pois/Air  3%         N/A       36%         3
 Dispel Undead            Necr           3%         3d7       78%         4
 Death Channel            Necr           1%         N/A       100%        6
 Simulacrum               Ice/Necr       5%         N/A       100%        6
 Ozocubu's Refrigeration  Ice            9%         4d9       100%        7
 Chain Lightning          Conj/Air       2%         3d2       100%        9
 Fire Storm               Conj/Fire      2%         8d1       100%        9
 Polar Vortex             Ice            9%         N/A       100%        9
 Shatter                  Erth           1%         3d6*      100%        9


Dungeon Overview and Level Annotations

Branches:
Dungeon (9/15)             Temple (1/1) D:5         Ossuary (visited)
   Lair: D:8-11         Orc: D:9-12

Altars:
Ashenzari
Cheibriados
Dithmenos
Fedhas
Gozag
Hepliaklqana
Kikubaaqudgha
Makhleb
Nemelex Xobeh
Okawaru
Qazlal
Ru
Sif Muna
Trog
Uskayaw
Vehumet
Wu Jian
Xom
Yredelemnul

Shops:
D:5 !   D:6 :   D:8 [


Innate Abilities, Weirdness & Mutations

You are a creature of crystalline ice.
You have a powerful freezing melee attack.
You are amphibious.
Your maximum health is increased.
Your armour is entirely melded.
You are incapable of wielding weapons or throwing items.
Your natural rate of healing is accelerated.
((You have razor-sharp teeth.))
You have supernaturally acute eyesight. (SInv)
Potions are less effective at restoring your health.
You are sensitive to extremes of temperature. (rF-, rC-)
You are afflicted with vampirism and can become a bat while bloodless.


Message History

The sixfirhy hits you but does no damage.
The quasit closely misses you.
The quasit claws you but does no damage.
The quasit barely misses you. The ufetubus hits you. x2
The ufetubus closely misses you. x2
The kobold demonologist hits you but does no damage.
The kobold demonologist hits the plant with a +0 dagger.
The shadow imp begins to attack, but is stunned by your conviction!
Unknown command.
As you read the scroll of teleportation, it crumbles to dust.
You feel strangely unstable.
The sixfirhy hits you but does no damage.
The sixfirhy hits you. The sixfirhy shocks you!
* * * LOW HITPOINT WARNING * * *
The ynoxinul barely misses you.
The quasit bites you but does no damage.
The quasit claws you but does no damage. x2
The ufetubus hits you but does no damage.
The ufetubus closely misses you. x3
The kobold demonologist barely misses you.
The kobold demonologist hits the plant with a +0 dagger.
The kobold demonologist begins to cast a spell, but is stunned by your conviction!
The shadow imp hits the plant.
Unknown command.
You closely miss the kobold demonologist.
The ufetubus barely misses you. The ufetubus hits you.
* * * LOW HITPOINT WARNING * * *
The ufetubus hits you.
* * * LOW HITPOINT WARNING * * *
The ufetubus hits you but does no damage.
The ufetubus hits you.
* * * LOW HITPOINT WARNING * * *
The ufetubus hits you.
* * * LOW HITPOINT WARNING * * *
The quasit bites you but does no damage.
The quasit barely misses you.
The quasit claws you but does no damage.
The ynoxinul gestures at you. The iron shot hits you!!
You die...

.P...........
..........PP........^...
........................
P.........P.............
....P...............# ..
..P..PP5F..P..##....##..
)..P..PKK5..###.....#...
.....P353K...#...<......
......KY5..###......[...
......55##......###.....
........# ..............
.#......# ...##..#.)#.##
#......# .. #.#...#)).#
##...... . #...#.).).#
##..... #.#...#....
...... ##..#......
#....... #.........


You could see 3 kobold demonologists, a sixfirhy (summoned), a ynoxinul
(summoned), a bullfrog, a quasit (summoned), a shadow imp (summoned), 4 ufetubi
and a kobold.

Vanquished Creatures
  10 yaks (D:8)
  Eustachio (D:5)
  A steam dragon (D:6)
  6 water moccasins
  Duvessa (D:7)
  9 black bears
  3 sky beasts
  An orc warrior (D:8)
  3 ogres
  3 centaurs
  A phantom (D:3)
  5 bullfrogs
  2 kobold brigands
  A gnoll sergeant (D:8)
  A jelly (D:6)
  A scorpion (D:4)
  2 water moccasin zombies (Ossuary)
  5 wights (D:8)
  Dowan (D:7)
  The ghost of melkoren the Ducker, a weakling DsGl (D:3)
  A howler monkey (D:7)
  Crazy Yiuf (D:2)
  A hound (D:5)
  8 orc priests
  Jessica (D:2)
  2 gnoll boudas
  4 iguanas
  Ijyb (D:5)
  Terence (D:2)
  Natasha (thrice) (D:3)
  5 orc wizards
  2 mummies (Ossuary)
  Robin (D:3)
  7 adders
  17 gnolls
  2 white imps (D:6)
  6 adder zombies (Ossuary)
  2 worms
  2 dart slugs (D:2)
  30 orcs
  8 ball pythons
  4 bats
  7 endoplasms
  4 giant cockroaches
  6 gnoll zombies (Ossuary)
  21 goblins
  11 hobgoblins
  5 jackals
  6 quokkas
  4 frilled lizards
  3 hobgoblin zombies (Ossuary)
  16 kobolds
  4 kobold zombies (Ossuary)
  5 orc zombies (Ossuary)
  3 rats
262 creatures vanquished.

Vanquished Creatures (others)
  An orc (D:5)
1 creature vanquished.

Grand Total: 263 creatures vanquished

Notes
Turn   | Place    | Note
-------+----------+-------------------------------------------
     0 | D:1      | SnakkuSnakku7 the Vampire Hedge Wizard began the quest for
                  | the Orb.
     0 | D:1      | Reached XP level 1. HP: 13/13 MP: 4/4
   113 | D:1      | Reached skill level 1 in Unarmed Combat
   124 | D:1      | Reached skill level 1 in Fighting
   124 | D:1      | Reached XP level 2. HP: 21/21 MP: 6/6
   652 | D:2      | Gained mutation: You are afflicted with vampirism and can
                  | become a bat while bloodless. [Vampire growth]
   652 | D:2      | Reached XP level 3. HP: 26/26 MP: 7/7
   967 | D:2      | Found a runed translucent door.
   968 | D:2      | Noticed Crazy Yiuf
  1025 | D:2      | Noticed Jessica
  1029 | D:2      | Killed Jessica
  1086 | D:2      | Reached XP level 4. HP: 33/33 MP: 8/8
  1170 | D:2      | Noticed Terence
  1181 | D:2      | Killed Terence
  1719 | D:2      | Killed Crazy Yiuf
  1720 | D:2      | Reached skill level 1 in Transmutations
  1720 | D:2      | Reached skill level 1 in Ice Magic
  1775 | D:3      | Found a runed translucent gate.
  1776 | D:3      | Found a runed translucent gate.
  1776 | D:3      | Noticed a black bear
  1776 | D:3      | Noticed melkoren's ghost (weakling DsGl)
  1777 | D:3      | Found a runed translucent gate.
  1810 | D:3      | Reached XP level 5. HP: 22/39 MP: 9/9
  1821 | D:3      | Noticed a phantom
  1872 | D:3      | Killed a phantom
  1873 | D:3      | Reached skill level 2 in Transmutations
  1965 | D:3      | Noticed Natasha
  1989 | D:3      | Killed Natasha
  2090 | D:3      | Found a blossoming altar of Fedhas.
  2155 | D:3      | Noticed Robin
  2170 | D:3      | Reached XP level 6. HP: 36/46 MP: 10/10
  2196 | D:3      | Reached skill level 3 in Transmutations
  2207 | D:3      | Killed Robin
  2549 | D:3      | Learned a level 4 spell: Ice Form
  2563 | D:3      | Noticed Natasha
  2740 | D:3      | Killed Natasha
  2855 | D:4      | HP: 1/46 [poisoned by a scorpion]
  2977 | D:4      | Reached skill level 4 in Transmutations
  3097 | D:3      | Noticed Natasha
  3116 | D:3      | Killed Natasha
  3261 | D:3      | Reached skill level 5 in Transmutations
  3261 | D:3      | Reached XP level 7. HP: 18/51 MP: 11/11
  3871 | D:4      | Reached skill level 6 in Transmutations
  4055 | D:5      | Entered Level 5 of the Dungeon
  4071 | D:5      | Found Itutier's Distillery.
  4127 | D:5      | Noticed Ijyb
  4213 | D:5      | Reached skill level 7 in Transmutations
  4236 | D:5      | Found a staircase to the Ecumenical Temple.
  4252 | Temple   | Entered the Ecumenical Temple
  4276 | Temple   | Became a worshipper of Ru the Awakened
  4342 | D:5      | Bought a potion of heal wounds for 65 gold pieces
  4342 | D:5      | Bought a potion of haste for 130 gold pieces
  4395 | D:5      | Noticed Eustachio
  4456 | D:5      | Killed Eustachio
  4457 | D:5      | Reached skill level 8 in Transmutations
  4457 | D:5      | Reached XP level 8. HP: 34/57 MP: 12/12
  4540 | D:5      | Identified the +0 pair of gloves of Infinity {rPois MP+9}
  4781 | D:5      | Killed Ijyb
  5087 | D:6      | Reached skill level 9 in Transmutations
  5153 | D:6      | Found a radiant altar of Vehumet.
  5337 | D:5      | Reached skill level 10 in Transmutations
  5490 | D:3      | Killed melkoren's ghost
  5597 | D:6      | Reached skill level 5 in Unarmed Combat
  5649 | D:6      | Reached XP level 9. HP: 62/62 MP: 2/13
  5652 | D:6      | Found Sewao's Tiny Tomes.
  5705 | D:6      | Found a sparkling altar of Nemelex Xobeh.
  5778 | D:6      | Gained mutation: You are sensitive to extremes of
                  | temperature. (rF-, rC-) [Ru sacrifice]
  5778 | D:6      | Reached * piety under Ru
  5778 | D:6      | Reached ** piety under Ru
  6514 | D:7      | Noticed Dowan
  6516 | D:7      | Noticed Duvessa
  6526 | D:7      | Killed Duvessa
  6531 | D:7      | Killed Dowan
  6709 | D:7      | Found a stormy altar of Qazlal.
  7123 | D:6      | Bought the Folio of Forms for 192 gold pieces
  7131 | D:6      | Learned a level 7 spell: Dragon Form
  7176 | D:8      | Found a sand-covered staircase.
  7202 | D:8      | Reached skill level 11 in Transmutations
  7331 | D:8      | Reached XP level 10. HP: 64/68 MP: 6/14
  7407 | D:8      | Found a shimmering blue altar of Sif Muna.
  7592 | D:8      | Reached skill level 12 in Transmutations
  7619 | Ossuary  | Entered an ossuary
  7782 | Ossuary  | Identified a scroll of acquirement
  7783 | Ossuary  | Acquired 1154 gold pieces
  7983 | D:8      | Found Fuippisk's Antique Armour Shoppe.
  8012 | D:8      | Bought a glowing buckler for 180 gold pieces
  8177 | D:8      | Gained mutation: Potions are less effective at restoring
                  | your health. [Ru sacrifice]
  8177 | D:8      | Reached *** piety under Ru
  8305 | D:9      | Reached skill level 13 in Transmutations
  8689 | D:9      | Noticed a sixfirhy
  8692 | D:9      | Killed from afar by a ynoxinul

Illustrated notes

Levels and vault maps discovered:
D:1:      minmay_arrival_three_doors, layout_rooms, minmay_liquid_box,
          amcnicky_mini_pool_small, minivault_5
D:2:      layout_basic, chequers_garden, nicolae_hexahallways,
          mrwooster_statue_mirror, minmay_misc_feat_roman, uniq_terence,
          uniq_jessica, uniq_crazy_yiuf_cottage
D:3:      layout_rooms, fedhas_altar_1, gammafunk_ghost_split, uniq_robin,
          uniq_natasha
D:4:      layout_gridville, minmay_misc_feat_hallway, skrybe_limestone_x,
          kennysheep_nondescript
D:5:      layout_rooms, minmay_temple_entry_slanted, serial_shops,
          nicolae_shop_industrial_runoff, minmay_misc_feat_room, uniq_eustachio,
          uniq_ijyb
D:6:      layout_cave_pods, mainiacjoe_overflow_24_doors,
          nemelex_xobeh_ov_fountains_minmay, nicolae_shop_i_like_small_books_too
D:7:      layout_basic, nicolae_qazlal_style_of_elements, elyvilon_altar_3,
          uniq_duvessa
D:8:      layout_loops_ring, led_sif_pool, serial_shops, nicolae_shop_stone,
          nicolae_ossuary_entry_ruins
D:9:      layout_cave_pools, due_lair_maze_entry_diamond, hex_tiny
Temple:   hellmonk_temple_two_chambers

Skill      XL: |  1  2  3  4  5  6  7  8  9 10 |
---------------+-------------------------------+-----
Unarmed Combat | 1 2 3 5 9 |  9.5
Fighting       | 1 2 |  2.5
Transmutations | 1 2 5 8 10 11 13 | 13.8
Ice Magic      | 1 2 4 |  4.0
Dodging        | |  2.1
Stealth        | |  3.0
Spellcasting   | |  3.0
Conjurations   | |  0.6
Summonings     | |  1.0
Translocations | |  0.7

Action                     |  1- 3 |  4- 6 |  7- 9 | 10-12 || total
---------------------------+-------+-------+-------+-------++-------
  Melee: Dagger            |   112 |       |       |       ||   112
         Bite              |    14 |    28 |    26 |     3 ||    71
         Whip              |    24 |   238 |   186 |    12 ||   460
         Punch             |     1 |     4 |     8 |     3 ||    16
         Unarmed           |       |       |   134 |   218 ||   352
   Cast: Magic Dart        |       |       |     4 |       ||     4
         Ice Form          |       |       |    15 |    11 ||    26
 Invoke: Sacrifice Resista |       |       |     1 |       ||     1
         Sacrifice Purity  |       |       |       |     1 ||     1
Ability: Exsanguinate      |       |       |     1 |       ||     1
         Revivify          |       |       |     1 |       ||     1
         End Transformatio |       |       |       |     2 ||     2
  Evoke: Wand              |       |       |     1 |       ||     1
    Use: Potion            |       |     4 |     5 |       ||     9
         Scroll            |       |       |     7 |     4 ||    11
   Stab: Sleeping          |       |     2 |     2 |     4 ||     8
         Invisible         |       |       |     2 |       ||     2
 Armour: Ring mail         |    53 |    66 |       |       ||   119
         Leather armour    |       |    42 |    95 |     8 ||   145
         Skin              |       |       |    39 |    99 ||   138
  Dodge: Dodged            |    78 |   173 |   229 |   125 ||   605
